 Dungeon Crawl Stone Soup version 0.23.1 (webtiles) character file.

Game seed: 1887880055367617952

18993 Opal the Spear-Bearer (level 13, -2/98 HPs)
             Began as a Formicid Abyssal Knight on Mar 13, 2019.
             Was the Champion of Lugonu.
             Slain by a demonic crawler (6 damage)
             ... summoned by a deep elf mage
             ... on level 13 of the Dungeon.
             The game lasted 00:34:11 (16910 turns).

Opal the Spear-Bearer (Formicid Abyssal Knight)    Turns: 16910, Time: 00:34:11

Health: -2/98      AC: 15    Str: 22    XL:     13   Next: 1%
Magic:  19/19      EV:  4    Int: 14    God:    Lugonu [******]
Gold:   725        SH:  0    Dex: 10    Spells: 12/12 levels left

rFire    + . .     SeeInvis +   K - +7 halberd (freeze) (curse)
rCold    + + .     Gourm    .   J - +0 buckler
rNeg     . . .     Faith    .   r - +0 chain mail
rPois    .         Spirit   .   (helmet unavailable)
rElec    .         Reflect  +   z - scarf {rC+ rF+}
rCorr    .         Harm     .   (no gloves)
MR       +....                  n - +2 pair of boots
Stlth    ..........             M - +2 amulet of reflection
HPRegen  0.26/turn              A - ring of protection from cold
MPRegen  0.16/turn              x - +2 ring of strength

@: held, drained
A: permanent stasis, dig shafts and tunnels, four strong arms, antennae 3
a: Dig, Shaft Self, Depart the Abyss, Bend Space, Banish, Corrupt, Enter the
Abyss, Brand Weapon With Distortion, Renounce Religion


You were on level 13 of the Dungeon.
You worshipped Lugonu.
Lugonu was exalted by your worship.
You were not hungry.

You visited 1 branch of the dungeon, and saw 13 of its levels.
You visited the Abyss 1 time.
You also visited: Ossuary.

You collected 725 gold pieces.

Inventory:

Hand Weapons
 K - a cursed +7 halberd of freezing (weapon)
 R - a +3 scimitar of flaming
Missiles
 F - 11 tomahawks (quivered)
Armour
 n - a +2 pair of boots (worn)
 o - a scarf of resistance
 r - a +0 chain mail (worn)
 z - a scarf of resistance (worn)
 J - a +0 buckler (worn)
Jewellery
 m - an uncursed ring of protection from cold
 x - a +2 ring of strength (right hand)
 A - a ring of protection from cold (left hand)
 M - a +2 amulet of reflection (around neck)
Wands
 w - a wand of random effects (45)
 y - a wand of polymorph (5)
 E - a wand of iceblast (9)
 P - a wand of scattershot (5)
Scrolls
 b - a scroll of vulnerability {unknown}
 d - 4 scrolls of remove curse
 h - 6 scrolls of amnesia
 j - 2 scrolls of fear {unknown}
 p - a scroll of torment {unknown}
 q - 3 scrolls of noise
 v - a scroll of enchant armour {unknown}
 D - a scroll of blinking {unknown}
 G - 12 scrolls of identify
 L - a scroll of fog
 N - a scroll of summoning {unknown}
 O - 3 scrolls of magic mapping
Potions
 e - a potion of agility
 f - 3 potions of flight
 g - a potion of ambrosia {unknown}
 i - 5 potions of lignification
 l - 6 potions of curing
 s - 2 potions of magic
 t - 2 potions of might {unknown}
 C - a potion of brilliance {unknown}
Comestibles
 c - 20 rations


   Skills:
 + Level 8.1(7.3) Fighting
 + Level 13.3(12.4) Polearms
 * Level 12.2(11.4) Armour
 - Level 0.8(0.2) Dodging
 - Level 4.7(4.0) Shields
 * Level 8.9(8.1) Invocations


You had 12 spell levels left.
You didn't know any spells.
Your spell library contained the following spells:

 Spells                   Type           Power        Failure   Level  Hunger
 Corona                   Hex            #......      85%         1    ##.....
 Summon Small Mammal      Summ           #...         85%         1    ##.....
 Call Imp                 Summ           #.......     94%         2    ###....
 Slow                     Hex            #.......     94%         2    ###....
 Call Canine Familiar     Summ           #.......     99%         3    ####...
 Inner Flame              Hex/Fire       #.......     99%         3    ####...
 Portal Projectile        Hex/Tloc       #.....       99%         3    ####...
 Summon Guardian Golem    Hex/Summ       #.......     99%         3    ####...
 Cause Fear               Hex            #.........   100%        4    #####..
 Leda's Liquefaction      Hex/Erth       #.........   100%        4    #####..
 Summon Ice Beast         Ice/Summ       #.......     100%        4    #####..
 Summon Lightning Spire   Summ/Air       #.......     100%        4    #####..


Dungeon Overview and Level Annotations

Branches:
Dungeon (13/15)            Temple (0/1) D:4            Lair (0/6) D:11
    Orc (0/2) D:10
 Vaults: D:13-14

Altars:
Ashenzari
Dithmenos
Hepliaklqana
Nemelex Xobeh
Qazlal
Wu Jian
Yredelemnul
Zin
The Shining One
Beogh

Shops:
D:4 (   D:11 (   D:12 }

Annotations:
D:2 exclusion: 2 downstairs
D:5 exclusion: downstairs
D:7 exclusions: electric eel and 4 more exclusions


Innate Abilities, Weirdness & Mutations

You cannot be hasted, slowed, berserked, paralysed or teleported.
You can dig through walls and to a lower floor.
Your four strong arms can wield two-handed weapons with a shield.
You have a pair of large antennae on your head. (SInv)


Message History

The demonic crawler closely misses you. The demonic crawler hits you.
* * * LOW HITPOINT WARNING * * *
The demonic crawler hits you.
* * * LOW HITPOINT WARNING * * *
The deep elf mage casts a spell.
The jumping spider pounces on you!
* * * LOW HITPOINT WARNING * * *
You are caught in a web!
The jumping spider bites you but does no damage.
Okay, then.
You feel better.
The demonic crawler hits you but does no damage. x2
The demonic crawler hits you.
* * * LOW HITPOINT WARNING * * *
The jumping spider pounces on you but does no damage.
The jumping spider bites you but does no damage.
The demonic crawler hits you.
* * * LOW HITPOINT WARNING * * *
The demonic crawler hits you.
You die...

### ..# #.#
#r# #s# #e#
#s# #@#
#####s#
########
#.....#
.......#
#.#####
.#####.#
#.#...# .###
#.# #.#.#.#
...#
#.#####.#.#.#
##.#
#.......#.#.#
...#
#..######.#.#


You could see a demonic crawler, a deep elf mage, a jumping spider, a redback
and a hell rat.

Vanquished Creatures
  Azrael (D:12)
  Josephine (D:12)
  Erica (D:11)
  2 two-headed ogres
  Urug (D:11)
  A manticore (D:10)
  An ugly thing (D:12)
  A centaur zombie (D:12)
  A komodo dragon (D:11)
  A queen bee (shapeshifter) (D:13)
  A hornet (D:8)
  4 hippogriffs
  5 wraiths
  A wyvern (D:12)
  4 fire elementals (D:12)
  A shadow (D:11)
  16 yaks
  A hungry ghost (D:12)
  A soldier ant (D:8)
  A porcupine (D:6)
  A water moccasin (D:6)
  3 hell hounds (D:12)
  A hornet zombie (D:12)
  6 ice beasts
  7 orc warriors
  3 sky beasts
  8 phantoms
  2 necrophages
  5 ogres
  16 centaurs
  A crocodile (D:7)
  2 big kobolds
  6 bullfrogs
  2 water moccasin zombies (Ossuary)
  A wyvern skeleton (D:12)
  A scorpion (D:7)
  12 wights
  A howler monkey (D:5)
  5 crimson imps
  2 jellies
  2 quasits
  5 hounds
  8 orc priests
  17 orc wizards
  5 bullfrog skeletons
  An iron imp (D:7)
  2 centaur skeletons
  2 iguanas
  7 worker ants
  3 big kobold zombies (Ossuary)
  2 mummies (Ossuary)
  A hound skeleton (D:8)
  3 worker ant zombies
  9 gnolls
  15 adders
  4 oozes
  10 adder zombies
  3 adder skeletons
  5 worms
  2 dart slugs (D:3)
  5 leopard geckos
  47 orcs
  A ball python (D:1)
  4 giant cockroaches
  9 goblins
  4 hobgoblins
  8 jackals
  4 quokkas
  9 bats
  2 frilled lizards
  5 gnoll zombies (Ossuary)
  A goblin skeleton (D:7)
  2 goblin zombies (D:7)
  4 hobgoblin zombies
  17 kobolds
  2 kobold skeletons (D:7)
  6 kobold zombies (Ossuary)
  A leopard gecko zombie (D:5)
  An orc skeleton (D:7)
  7 orc zombies
  A quokka zombie (D:6)
  5 rats
382 creatures vanquished.

Vanquished Creatures (others)
  A plant (D:7)
1 creature vanquished.

Grand Total: 383 creatures vanquished

Notes
Turn   | Place    | Note
-------+----------+-------------------------------------------
     0 | Abyss:1  | Opal the Formicid Abyssal Knight began the quest for the
                  | Orb.
     0 | Abyss:1  | Reached XP level 1. HP: 18/18 MP: 2/2
    66 | Abyss:1  | Noticed a small abomination
    90 | D:1      | Escaped the Abyss
    90 | D:1      | Noticed a minotaur skeleton
    90 | D:1      | Noticed a gargoyle
   301 | D:1      | Noticed a gargoyle
   303 | D:1      | Noticed a formicid
   313 | D:1      | Noticed a centaur
   315 | D:1      | Noticed an octopode
   315 | D:1      | Noticed a vine stalker
   319 | D:1      | Noticed a vampire
   506 | D:1      | Reached * piety under Lugonu
   506 | D:1      | Reached XP level 2. HP: 20/24 MP: 3/3
   659 | D:1      | Reached skill level 3 in Polearms
   879 | D:1      | Reached XP level 3. HP: 19/29 MP: 4/4
  1129 | D:1      | You fall through a shaft!
  1589 | D:1      | You fall through a shaft!
  1943 | D:2      | Reached skill level 4 in Polearms
  1943 | D:2      | Reached XP level 4. HP: 29/35 MP: 5/5
  3114 | D:3      | Reached XP level 5. HP: 26/41 MP: 6/6
  3444 | D:3      | Reached ** piety under Lugonu
  3444 | D:3      | Reached skill level 5 in Polearms
  3944 | D:3      | Found a basalt altar of Yredelemnul.
  4715 | D:4      | Found Haneskon's Weapon Shop.
  4751 | D:4      | Found a staircase to the Ecumenical Temple.
  4828 | D:4      | Noticed a bullfrog
  4851 | D:4      | Killed a bullfrog
  4851 | D:4      | Reached skill level 6 in Polearms
  4851 | D:4      | Reached XP level 6. HP: 37/47 MP: 7/7
  4866 | D:4      | Noticed a phantom
  4882 | D:4      | Noticed a phantom
  4932 | D:4      | Found a sand-covered staircase.
  4939 | Ossuary  | Entered an ossuary
  5227 | Ossuary  | Reached *** piety under Lugonu
  5241 | Ossuary  | Reached XP level 7. HP: 45/52 MP: 8/8
  5439 | Ossuary  | Reached skill level 7 in Polearms
  5948 | D:3      | Reached XP level 8. HP: 49/58 MP: 9/9
  6188 | D:4      | Found an ornate altar of the Wu Jian Council.
  6209 | D:4      | Found a stormy altar of Qazlal.
  6423 | D:4      | Found a glowing silver altar of Zin.
  6588 | D:5      | Entered Level 5 of the Dungeon
  6697 | D:5      | Reached skill level 8 in Polearms
  6751 | D:5      | Reached skill level 5 in Armour
  6850 | D:5      | Found a sparkling altar of Nemelex Xobeh.
  6950 | D:5      | Reached **** piety under Lugonu
  7613 | D:5      | Reached XP level 9. HP: 61/64 MP: 10/10
  7803 | D:6      | Found a basalt altar of Yredelemnul.
  7833 | D:6      | Found a hazy altar of Hepliaklqana.
  7845 | D:6      | Reached skill level 9 in Polearms
  8977 | D:6      | Reached ***** piety under Lugonu
  9278 | D:7      | Found a glowing golden altar of the Shining One.
  9330 | D:7      | Reached skill level 1 in Shields
  9891 | D:7      | Reached XP level 10. HP: 41/72 MP: 13/13
 10041 | D:7      | Reached skill level 10 in Polearms
 10573 | D:7      | Identified the +5 flail "Xom's Sleight of Hands" {freeze,
                  | rF+ rN+}
 11200 | D:8      | Reached skill level 5 in Invocations
 11404 | D:8      | Found a shattered altar of Ashenzari.
 11730 | D:8      | Reached skill level 5 in Fighting
 12187 | D:9      | Reached skill level 11 in Polearms
 12193 | D:9      | Reached XP level 11. HP: 40/80 MP: 15/15
 12932 | D:10     | Entered Level 10 of the Dungeon
 12976 | D:10     | Reached skill level 10 in Armour
 13004 | D:10     | Found a staircase to the Orcish Mines.
 13273 | D:10     | Noticed a manticore
 13285 | D:10     | Killed a manticore
 13475 | D:10     | Noticed a two-headed ogre
 13482 | D:10     | Killed a two-headed ogre
 13751 | D:10     | Found a roughly hewn altar of Beogh.
 13784 | D:10     | You fall through a shaft!
 14134 | D:11     | Noticed Urug
 14147 | D:11     | HP: 1/82 [Urug/+6 war axe (10)]
 14158 | D:11     | Killed Urug
 14251 | D:11     | Reached skill level 12 in Polearms
 14576 | D:11     | Noticed Erica
 14580 | D:11     | Killed Erica
 14580 | D:11     | Reached XP level 12. HP: 70/89 MP: 17/17
 14663 | D:11     | Reached ****** piety under Lugonu
 14750 | D:11     | Found Japnukha's Weapon Emporium.
 14997 | D:11     | Found a staircase to the Lair.
 15888 | D:12     | Found a shadowy altar of Dithmenos.
 15901 | D:12     | Noticed a two-headed ogre
 15913 | D:12     | Killed a two-headed ogre
 16047 | D:12     | Noticed Azrael
 16064 | D:12     | Killed Azrael
 16064 | D:12     | Reached skill level 13 in Polearms
 16425 | D:12     | Found Qystryuma's Gadget Emporium.
 16476 | D:12     | Noticed Josephine
 16488 | D:12     | Killed Josephine
 16825 | D:13     | Reached XP level 13. HP: 98/98 MP: 19/19
 16910 | D:13     | HP: 4/98 [demonic crawler[a deep elf mage] (1)]
 16910 | D:13     | Slain by a demonic crawler

Skill      XL: |  1  2  3  4  5  6  7  8  9 10 11 12 |
---------------+-------------------------------------+-----
Polearms       | 3 4 6 7 8 9 11 12 13 | 13.3
Armour         | 3 4 6 8 9 11 12 | 12.2
Invocations    | 4 5 7 8 |  8.9
Fighting       | 4 5 6 8 |  8.1
Shields        | 1 4 |  4.7
Dodging        | |  0.8

Action                   |  1- 3 |  4- 6 |  7- 9 | 10-12 | 13-15 || total
-------------------------+-------+-------+-------+-------+-------++-------
Melee: Spear             |   117 |   424 |   380 |       |       ||   921
       Trident           |       |       |   372 |    70 |       ||   442
       Halberd           |       |       |       |   594 |    10 ||   604
Throw: Tomahawk          |       |       |       |     6 |       ||     6
Invok: Depart the Abyss  |     1 |       |       |       |       ||     1
 Abil: Dig               |       |       |       |     1 |       ||     1
       Shaft Self        |       |       |       |     1 |       ||     1
Evoke: Wand              |       |       |     3 |       |       ||     3
  Use: Scroll            |       |     9 |     4 |     6 |       ||    19
       Potion            |       |       |       |     4 |     1 ||     5
  Eat: Chunk             |     3 |    11 |    10 |    21 |       ||    45
       Ration            |       |       |     2 |     1 |       ||     3
Armor: Leather armour    |    25 |    44 |       |       |       ||    69
       Chain mail        |       |   103 |   363 |   251 |    19 ||   736
Dodge: Dodged            |    50 |   132 |   224 |   202 |    10 ||   618
Block: Buckler           |       |       |    20 |    88 |     7 ||   115
